 Dungeon Crawl Stone Soup version 0.31.0-32-g396128a36d (webtiles) character file.

Game seed: 13413691567464988977

1 H0rd4k the Charlatan (level 1, -3/13 HPs)
             Began as an Octopode Artificer on Mar 27, 2024.
             Slain by a kobold
             ... wielding a +2 dagger of electrocution
              (4 damage)
             ... on level 1 of the Dungeon.
             The game lasted 00:00:53 (88 turns).

H0rd4k the Charlatan (Octopode Artificer)             Turns: 88, Time: 00:00:53

Health: -3/13      AC:  1    Str: 11    XL:     1   Next: 20%
Magic:  1/1        EV: 13    Int: 13    God:
Gold:   0          SH:  0    Dex: 12    Spells: 0/0 levels left

rFire   . . .        (no weapon)
rCold   . . .        (no shield)
rNeg    . . .        (helmet restricted)
rPois   .            (no amulet)
rElec   .            (no ring)
rCorr   .            (no ring)
SInv    .            (no ring)
Will    .....        (no ring)
Stlth   ++++         (no ring)
HPRegen 0.22/turn    (no ring)
MPRegen 0.07/turn    (no ring)
                     (no ring)

%: no passive effects
@: no status effects
A: almost no armour, amphibious, 8 rings, camouflage 1, gelatinous body 1,
nimble swimmer 1, tentacles
a: no special abilities


You were on level 1 of the Dungeon.
You visited 1 branch of the dungeon, and saw 1 of its levels.

Inventory:

Wands
 b - a wand of flame (15) (quivered)
 c - a wand of charming (15)
 d - a wand of iceblast (5)
Scrolls
 a - a scroll of fog {unknown}


   Skills:
 + Level 1.1 Fighting
 - Level 2.3 Dodging
 - Level 1.3 Stealth
 + Level 0.2 Unarmed Combat
 - Level 3.2 Evocations


You couldn't memorise any spells.
You didn't know any spells.
Your spell library was empty.

Dungeon Overview and Level Annotations

Branches:
Dungeon (1/15)

Altars:


Innate Abilities, Weirdness & Mutations

You cannot wear most types of armour.
You are amphibious.
You can wear up to eight rings at the same time.
Your skin changes colour to match your surroundings (Stealth+).
Your rubbery body absorbs attacks. (AC +1, EV +1)
You are camouflaged when in or above water. (Stealth+)
You have tentacles for arms and can constrict up to eight enemies at once.


Message History

You tentacle-slap the endoplasm.
The endoplasm is severely wounded.
The endoplasm freezes you.
You are frozen.
You tentacle-slap the endoplasm but do no damage.
The endoplasm is severely wounded.
The endoplasm barely misses you.
You tentacle-slap the endoplasm but do no damage.
Your squeeze misses the endoplasm.
The endoplasm is severely wounded.
The endoplasm hits you.
* * * LOW HITPOINT WARNING * * *
You tentacle-slap the endoplasm.
You kill the endoplasm!
HP restored.
There is a stone staircase leading down here.
A kobold comes into view.
It is wielding a +2 dagger of electrocution.
A kobold is nearby!
A kobold is nearby!
Found a scroll labelled IPPEAMN AHIKK.
Found a faded altar of an unknown god.
You enter the shallow water.
Found a scroll labelled NIXIWN JASIPH.
A ball python comes into view.
Found a whip.
The helpless kobold fails to defend itself.
You tentacle-slap the kobold. Your grab misses the kobold.
Your squeeze misses the kobold.
The kobold is severely wounded.
The kobold hits you with a +2 dagger of electrocution.
You are electrocuted!
Ouch! That really hurt!
* * * LOW HITPOINT WARNING * * *
You closely miss the kobold. Your grab misses the kobold.
Your tentacle-slap misses the kobold.
The kobold is severely wounded.
The kobold barely misses you.
You tentacle-slap the kobold but do no damage.
Your grab misses the kobold. Your squeeze misses the kobold.
The kobold is severely wounded.
The kobold hits you with a +2 dagger of electrocution.
You die...

#.............
#.....####~~~~
###....>###≈≈≈≈~
...........≈≈≈≈≈≈
###.......~≈≈≈≈≈≈
#..(....≈≈≈####
........~~≈≈#...
####.....~≈≈≈#._.
...####@~≈≈#...
.......K~~≈≈##+#
####.....~~~...#
#......~~.###
#S......~.?.
#..........?.
######.......
)......


You could see a ball python (asleep) and a kobold.

Vanquished Creatures
  An endoplasm (D:1)
1 creature vanquished.

Notes
Turn   | Place    | Note
-------+----------+-------------------------------------------
     0 | D:1      | H0rd4k the Octopode Artificer began the quest for the Orb.
     0 | D:1      | Reached XP level 1. HP: 13/13 MP: 1/1
    82 | D:1      | Found a faded altar of an unknown god.
    88 | D:1      | Slain by a kobold

Illustrated notes

Levels and vault maps discovered:
D:1:      erik_arrival_orb_chamber, layout_rooms,
          nicolae_ecumenical_lake_church, st_stairs_12

Action                     || total
---------------------------++-------
  Melee: Unarmed           ||    10
   Stab: Sleeping          ||     1
 Armour: Skin              ||     5
  Dodge: Dodged            ||     2
